 Dungeon Crawl Stone Soup version 0.21-a0-221-gfe971b9 (webtiles) character file.

71 Stormphoenix the Poker (level 4, 33/35 HPs)
             Began as a Demonspawn Fighter on Aug 25, 2017.
             Was an Initiate of Qazlal.
             Got out of the dungeon alive.
             The game lasted 00:05:13 (2161 turns).

Stormphoenix the Poker (Demonspawn Fighter)         Turns: 2161, Time: 00:05:14

Health: 33/35      AC:  6    Str: 14 (17) XL:     4   Next: 5%
Magic:  4/4        EV:  6    Int:  8 (9)  God:    Qazlal [......]
Gold:   90         SH:  8    Dex: 12 (13) Spells: 3/3 levels left

rFire    . . .     SeeInvis .   a - +0 trident
rCold    + . .     Gourm    .   c - +0 shield
rNeg     . . .     Faith    .   b - +0 scale mail
rPois    .         Spirit   .   (no helmet)
rElec    .         Reflect  .   (no cloak)
rCorr    .         Harm     .   (no gloves)
MR       .....                  (no boots)
Stlth    ..........             (no amulet)
HPRegen  0.11/turn              (no ring)
MPRegen  0.09/turn              (no ring)

@: no status effects
A: talons 1, cold resistance 1, powered by pain 1
a: Renounce Religion


You escaped.
You worshipped Qazlal.
Qazlal was noncommittal.
You were not hungry.

You visited 1 branch of the dungeon, and saw 2 of its levels.

You collected 90 gold pieces.

Inventory:

Hand Weapons
 a - a +0 trident (weapon)
Armour
 b - a +0 scale mail (worn)
 c - a +0 shield (worn)
Scrolls
 e - a scroll of remove curse {unknown}
 j - a scroll of fog
 k - 2 scrolls of magic mapping
 l - a scroll of recharging {unknown}
 n - a scroll of identify {unknown}
 o - 3 scrolls of enchant armour {unknown}
Potions
 d - a potion of might
 i - a potion of curing
Comestibles
 f - 4 bread rations
 g - a chunk of flesh
 h - a royal jelly
 m - a meat ration


   Skills:
 - Level 3.0 Fighting
 + Level 3.9 Polearms
 - Level 2.6 Armour
 - Level 2.6 Shields


You had 3 spell levels left.
You didn't know any spells.

Dungeon Overview and Level Annotations

Branches:
Dungeon (2/15)

Altars:
Dithmenos
Fedhas
Hepliaklqana
Qazlal
The Shining One


Innate Abilities, Weirdness & Mutations

You have sharp toenails.
Your flesh is cold resistant. (rC+)
You sometimes gain a little power by taking damage.


Message History

You barely miss the hobgoblin. You block the hobgoblin's attack.
The hobgoblin hits you.
You closely miss the hobgoblin. You block the hobgoblin's attack.
You barely miss the hobgoblin. Your kick misses the hobgoblin.
The hobgoblin hits you.
Your shield prevents you from hitting the hobgoblin.
You block the hobgoblin's attack.
You hit the hobgoblin but do no damage. The hobgoblin barely misses you.
You hit the hobgoblin.
You kill the hobgoblin!
Qazlal accepts your kill.
There is an open door, spattered with blood here.
You see here a hobgoblin corpse.
There is an open door here.
You open the door.
There is an open door here.
There is an open door here.
There is a staircase leading out of the dungeon here.
Are you sure you want to leave the Dungeon?
This will make you lose the game!
You have escaped!

######## #.......
######## #.######
#......# #.# #.####.#
#.# #.#..#.# #.#
#.+.@'.# #.# #.#..#.#
#.###### #.####'###
#.#..... #......+.#
#.#..... #########'#.#
#.#.....
#.......#...#####.#.....
#.####....(....##.#.....
#.# #.............#.....
#.# ###.######.####.....


There were no monsters in sight!

Vanquished Creatures
  A gnoll (D:1)
  A worm (D:2)
  3 dart slugs
  A leopard gecko (D:1)
  A ball python (D:1)
  2 giant cockroaches
  4 goblins
  9 hobgoblins
  4 jackals (D:1)
  A quokka (D:2)
  5 bats
  5 frilled lizards
  6 kobolds
  3 rats
46 creatures vanquished.

Notes
Turn   | Place    | Note
-------+----------+-------------------------------------------
     0 | D:1      | Stormphoenix the Demonspawn Fighter began the quest for the Orb.
     0 | D:1      | Reached XP level 1. HP: 18/18 MP: 1/1
   158 | D:1      | Gained mutation: Your flesh is cold resistant. (rC+) [demonic ancestry]
   158 | D:1      | Reached XP level 2. HP: 24/24 MP: 2/2
   663 | D:1      | Gained mutation: You sometimes gain a little power by taking damage. [demonic ancestry]
   663 | D:1      | Reached XP level 3. HP: 28/29 MP: 3/3
  1676 | D:2      | Found a glowing golden altar of the Shining One.
  1676 | D:2      | Found a stormy altar of Qazlal.
  1676 | D:2      | Found a hazy altar of Hepliaklqana.
  1677 | D:2      | Found a shadowy altar of Dithmenos.
  1697 | D:2      | Became a worshipper of Qazlal Stormbringer
  1801 | D:2      | Found a blossoming altar of Fedhas.
  1976 | D:2      | Gained mutation: You have sharp toenails. [demonic ancestry]
  1976 | D:2      | Reached XP level 4. HP: 35/35 MP: 4/4
  2161 | D:$      | Got out of the dungeon alive.

Vault maps used:
D:1:      ncdulo_smallfort
D:2:      old_standard_altar, chequers_temple_overflow_statue_of_worship,
          serial_forest, infiniplex_forest_lined_2, infiniplex_forest_lined_2,
          infiniplex_forest_straight_2, infiniplex_forest_clump_double,
          infiniplex_forest_clump_C, infiniplex_forest_straight_2

Skill      XL: |  1  2 |
---------------+-------+-----
Polearms       | 2 3 |  3.9
Fighting       | |  3.0
Armour         | |  2.6
Shields        | |  2.6

Action                   |  1- 3 |  4- 6 || total
-------------------------+-------+-------++-------
Melee: Trident           |   144 |     8 ||   152
  Use: Potion            |     5 |       ||     5
       Scroll            |     3 |       ||     3
  Eat: Chunk             |     4 |       ||     4
Armor: Scale mail        |    68 |       ||    68
Dodge: Dodged            |    31 |     2 ||    33
Block: Shield            |    80 |     5 ||    85

Table legend:
 A = Spawn XP
 B = Non-spawn XP
 C = Spawn XP percentage of total XP
 D = Spawn monster count
 E = Non-spawn monster count
 F = Spawn count percentage of total count
 G = Total turns spent on level
                    A         B        C        D         E        F      G
               +---------+---------+-------+---------+---------+-------+---------
         Total |      27 |      75 |  26.5 |       8 |      38 |  17.4 |  2161
               +---------+---------+-------+---------+---------+-------+---------
           D:1 |      22 |      43 |  33.8 |       5 |      24 |  17.2 |  1376
           D:2 |       5 |      32 |  13.5 |       3 |      14 |  17.6 |   785
               +---------+---------+-------+---------+---------+-------+---------
